 Dungeon Crawl Stone Soup version 0.26-a0-712-ga5a9c9c9d0 (webtiles) character file.

Game seed: 7924302679738363973

3205 kae the Insei (level 9, -13/49 HPs)
             Began as a Tengu Transmuter on Nov 13, 2020.
             Was a Follower of Hepliaklqana.
             Killed by the air
             ... invoked by Gastronok
              (49 damage)
             ... on level 9 of the Dungeon.
             The game lasted 00:06:31 (9541 turns).

kae the Insei (Tengu Transmuter)                    Turns: 9541, Time: 00:06:32

Health: -13/49     AC:  2    Str: 14    XL:     9   Next: 96%
Magic:  12/14      EV: 32    Int: 14    God:    Hepliaklqana [*.....]
Gold:   397        SH:  0    Dex: 19    Spells: 1/14 levels left

rFire    . . .     SeeInvis .     - Unarmed
rCold    . . .     Faith    .   (shield currently unavailable)
rNeg     . . .     Spirit   .   (armour currently unavailable)
rPois    x         Reflect  .   (helmet currently unavailable)
rElec    .         Harm     .   (cloak currently unavailable)
rCorr    .         Rampage  .   (gloves currently unavailable)
MR       .....                  (boots unavailable)
Stlth    ++........             (no amulet)
HPRegen  0.16/turn              b - ring of wizardry
MPRegen  0.14/turn              n - ring of wizardry

@: spider-form (expiring), flying quickly and evasively, quick
A: tiny, reduced essence, able to fly
a: Stop Flying, End Transformation, Recall Ancestor, Ancestor Identity, Renounce
Religion


You were on level 9 of the Dungeon.
You worshipped Hepliaklqana.
Hepliaklqana was aware of your devotion.
You were a venomous arachnid creature.
You visited 2 branches of the dungeon, and saw 10 of its levels.

You collected 397 gold pieces.

Inventory:

Armour
 a - a +0 robe (melded)
Jewellery
 b - a ring of wizardry (left front leg)
 n - a ring of wizardry (right front leg)
 z - an uncursed ring of positive energy {unknown}
 A - an uncursed ring of see invisible {unknown}
 B - the ring of Seoc {rElec EV+4 SInv, unknown}
   (You found it on level 6 of the Dungeon)

   [ring of evasion]

   It affects your evasion (+4).
   It insulates you from electricity.
   It lets you see invisible.
 C - an uncursed ring of magical power {unknown}
 D - a cursed -4 ring of protection {unknown}
Wands
 c - a wand of flame (22)
 u - a wand of acid (4)
 v - a wand of polymorph (1)
 w - a wand of enslavement (12)
Scrolls
 d - 11 scrolls of identify
 f - 6 scrolls of remove curse
 h - a scroll of magic mapping {unknown}
 i - 4 scrolls of enchant weapon {unknown}
 k - 11 scrolls of teleportation
 m - 3 scrolls of fear
 r - 2 scrolls of enchant armour {unknown}
 x - a scroll of immolation {unknown}
 y - a scroll of amnesia
Potions
 e - 2 potions of brilliance
 g - 2 potions of might {unknown}
 j - 3 potions of lignification {unknown}
 l - a potion of flight {unknown}
 o - 4 potions of degeneration {unknown}
 p - 3 potions of haste
 q - 2 potions of ambrosia {unknown}
 s - a potion of stabbing {unknown}
 t - 4 potions of curing {unknown}
 E - a potion of magic {unknown}


   Skills:
 + Level 6.0 Fighting
 + Level 6.9 Dodging
 + Level 7.3 Unarmed Combat
 - Level 3.0 Spellcasting
 * Level 7.3 Transmutations


You had one spell level left.
You knew the following spells:

 Your Spells              Type           Power        Failure   Level
a - Beastly Appendage     Tmut           ###...       1%          1
b - Spider Form           Tmut/Pois      ##........   9%          3
c - Blade Hands           Tmut           ###.......   16%         5
d - Ice Form              Ice/Tmut       ##......     22%         4

Your spell library contained the following spells:

 Spells                   Type           Power        Failure   Level
 Wereblood                Tmut           ###.....     1%          2


Dungeon Overview and Level Annotations

Branches:
Dungeon (9/15)             Temple (1/1) D:6
   Lair: D:8-11         Orc: D:9-12

Altars:
Ashenzari
Cheibriados
Dithmenos
Elyvilon
Fedhas
Gozag
Hepliaklqana
Kikubaaqudgha
Makhleb
Nemelex Xobeh
Okawaru
Qazlal
Ru
Sif Muna
Trog
Uskayaw
Vehumet
Wu Jian
Xom
Yredelemnul
Zin
The Shining One

Annotations:
D:4 exclusion: ogre
D:6 2 transporters, Bliebski's ghost, novice OpTm
D:9 Gastronok


Innate Abilities, Weirdness & Mutations

((You have a beak for a mouth.))
((You have claws for feet.))
You can fly continuously.
Your life essence is reduced to manifest your ancestor. (-10% HP)


Message History

Reactivating autopickup.
The white imp misses you.
You completely miss the white imp.
The white imp is severely wounded.
Gastronok the Ponderous comes into view.
The white imp misses you.
Gastronok gurgles horribly!
You bite the white imp!
You kill the white imp!
The sky beast barely misses you. The bullfrog hits you.
You bite the bullfrog!
The bullfrog is poisoned.
The bullfrog is moderately wounded.
The bullfrog hits you. The sky beast completely misses you.
You hit the bullfrog.
The bullfrog is heavily wounded.
The bullfrog misses you.
Gastronok waves his eye-stalks in wide circles.
The air twists around and violently strikes you in flight!!!
Ouch! That really hurt!
You die...

######### .......
....... ..... ##
#... ...####..#
.........#######
#.....s........
#....FYh...###
##.#[......####
#.ā‰ˆ...##..>..#
#...zā‰ˆ#.###..<.#
#.....#.# ###...#
..#.##### #.......
w.#. #...#.... #
#.#..(...


You could see Gastronok, a sky beast, a bullfrog (very poisoned), a hound and a
wight.

Vanquished Creatures
  Pikel (D:8)
  A centaur zombie (D:8)
  3 ice beasts
  3 ogres
  A sky beast (D:7)
  A phantom (D:5)
  3 orc warriors
  2 centaurs
  A lemure (D:8)
  4 bullfrogs
  3 scorpions
  5 wights (D:6)
  2 hounds
  A gnoll shaman (D:7)
  An orc priest (D:5)
  2 jellies
  A centaur skeleton (D:5)
  Ijyb (D:5)
  4 orc wizards
  3 worker ants (D:7)
  2 worker ant zombies
  3 gnolls (D:7)
  7 adders
  A shadow imp (D:8)
  3 white imps
  4 adder skeletons
  A worm (D:3)
  2 dart slugs (D:1)
  5 leopard geckos (D:5)
  23 orcs
  9 bats
  2 giant cockroaches
  6 goblins
  3 hobgoblins
  10 jackals
  2 quokkas
  2 ball pythons
  4 frilled lizards
  3 kobolds
  A leopard gecko skeleton (D:4)
  A quokka zombie (D:5)
  6 rats
143 creatures vanquished.

Vanquished Creatures (collateral kills)
  A centaur zombie (D:7)
  A howler monkey skeleton (D:6)
  An adder (D:6)
  A white imp (D:8)
  2 orcs (D:7)
6 creatures vanquished.

Vanquished Creatures (others)
  4 ancestors
  6 plants (D:6)
10 creatures vanquished.

Grand Total: 159 creatures vanquished

Notes
Turn   | Place    | Note
-------+----------+-------------------------------------------
     0 | D:1      | kae the Tengu Transmuter began the quest for the Orb.
     0 | D:1      | Reached XP level 1. HP: 12/12 MP: 4/4
   348 | D:1      | Reached XP level 2. HP: 16/16 MP: 4/6
  1388 | D:2      | Found a basalt altar of Yredelemnul.
  1563 | D:2      | Found a snail-covered altar of Cheibriados.
  1621 | D:2      | Reached XP level 3. HP: 4/20 MP: 5/7
  2402 | D:2      | Learned a level 3 spell: Spider Form
  2480 | D:3      | Reached XP level 4. HP: 17/26 MP: 5/8
  2603 | D:3      | Noticed an ogre
  2650 | D:3      | Killed an ogre
  2650 | D:3      | Gained mutation: You can fly continuously. [Tengu growth]
  2650 | D:3      | Reached XP level 5. HP: 30/30 MP: 5/9
  2748 | D:3      | Found an ornate altar of the Wu Jian Council.
  2753 | D:3      | Found a shimmering altar of Xom.
  2843 | D:3      | Found a glowing golden altar of the Shining One.
  3495 | D:3      | Found a glowing golden altar of the Shining One.
  3817 | D:4      | Noticed an ogre
  4179 | D:4      | Reached XP level 6. HP: 36/36 MP: 8/10
  4321 | D:4      | Found a bloodstained altar of Trog.
  4543 | D:5      | Entered Level 5 of the Dungeon
  4543 | D:5      | Noticed a phantom
  4571 | D:5      | Killed a phantom
  5085 | D:5      | Reached XP level 7. HP: 41/41 MP: 8/11
  5125 | D:5      | Noticed Ijyb
  5138 | D:5      | Killed Ijyb
  5618 | D:5      | Found an opulent altar of Gozag.
  5717 | D:5      | Learned a level 5 spell: Blade Hands
  6065 | D:6      | Found a staircase to the Ecumenical Temple.
  6077 | D:6      | Reached skill level 5 in Unarmed Combat
  6087 | Temple   | Entered the Ecumenical Temple
  6145 | Temple   | Became a worshipper of Hepliaklqana the Forgotten
  6227 | D:6      | Noticed Bliebski's ghost (novice OpTm)
  6266 | D:6      | Reached XP level 8. HP: 32/43 MP: 8/13
  6368 | D:6      | Identified the +1 ring mail "Suciluy" {rC+ Dex+2}
  6670 | D:6      | Got a smoking granite ring
  6715 | D:6      | Reached skill level 5 in Transmutations
  6869 | D:6      | Found a transporter.
  6878 | D:6      | Found a transporter.
  7130 | D:6      | Reached skill level 5 in Dodging
  7345 | D:7      | Found a burning altar of Makhleb.
  7498 | D:7      | Reached * piety under Hepliaklqana
  7858 | D:7      | Reached XP level 9. HP: 45/46 MP: 11/14
  7881 | D:7      | Reached skill level 5 in Fighting
  8667 | D:8      | Noticed Pikel
  8690 | D:8      | Killed Pikel
  9140 | D:8      | Found a shimmering blue altar of Sif Muna.
  9423 | D:6      | Learned a level 4 spell: Ice Form
  9538 | D:9      | Noticed Gastronok
  9541 | D:9      | Killed from afar by Gastronok

Illustrated notes

Levels and vault maps discovered:
D:1:      roderic_octagonal_star, layout_loops_corners, minmay_tiny_reverse_x
D:2:      layout_rooms, lemuel_crystal_altar, lemuel_coloured_pillars_altar,
          dk_noncrumbling_4, minivault_24
D:3:      layout_basic, tso_oasis_becter, nicolae_overflow_hidden_temple,
          nicolae_tso_carved_into_rock
D:4:      layout_gridville, bloody_trog, chequers_serial_rivers_small_3
D:5:      layout_basic, old_standard_altar, uniq_ijyb
D:6:      layout_rooms, minmay_temple_entry_slanted,
          gammafunk_ghost_gnarly_gnolls
D:7:      wad_pebble_path, layout_basic, nicolae_overflow_crystal_walls
D:8:      layout_rooms, old_standard_altar, kennysheep_generic_room_10,
          uniq_pikel
D:9:      minmay_angry_zag, layout_rooms, david_lair_generic, basic_altar,
          gammafunk_ghost_hydra_chop, uniq_gastronok
Temple:   cyrus_circular_temple

Skill      XL: |  1  2  3  4  5  6  7  8  9 |
---------------+----------------------------+-----
Transmutations | 2 3 4 5 7 |  7.3
Fighting       | 2 3 4 6 |  6.0
Dodging        | 3 4 5 6 |  6.9
Unarmed Combat | 4 5 6 7 |  7.3
Spellcasting   | 3 |  3.0

Action                   |  1- 3 |  4- 6 |  7- 9 || total
-------------------------+-------+-------+-------++-------
Melee: Unarmed           |    90 |   117 |   334 ||   541
       Peck              |    10 |    11 |     4 ||    25
       Headbutt          |    11 |     5 |       ||    16
       Kick              |    15 |    13 |     2 ||    30
       Punch             |     1 |     1 |     2 ||     4
 Cast: Beastly Appendage |    18 |    12 |       ||    30
       Spider Form       |     2 |     6 |    46 ||    54
Invok: Recall Ancestor   |       |       |     3 ||     3
 Abil: Fly               |       |     1 |       ||     1
Evoke: Wand              |       |     4 |       ||     4
  Use: Scroll            |     5 |       |       ||     5
 Stab: Sleeping          |       |     1 |     2 ||     3
Armor: Robe              |    23 |     4 |     3 ||    30
       Skin              |       |       |     7 ||     7
Dodge: Dodged            |    89 |    93 |   284 ||   466

Table legend: (Time is in decaauts)
 A = Elapsed time spent in this place.
 B = Non-inter-level travel time spent in this place.
 C = Inter-level travel time spent in this place.
 D = Time resting spent in this place.
 E = Time spent auto-exploring this place.
 F = Levels seen in this place.
 G = Mean time per level.
                   A        B        C        D        E       F      G
               +--------+--------+--------+--------+--------+-----+--------+
         Total |   9186 |   8837 |    349 |    701 |   6824 |  10 |  918.6 |
       Dungeon |   9121 |   8780 |    341 |    701 |   6781 |   9 | 1013.4 |
        Temple |     65 |     58 |      7 |      0 |     42 |   1 |   65.0 |
               +--------+--------+--------+--------+--------+-----+--------+

Top non-repeatable levels by time:
     D:1: 1381 daAuts
     D:5: 1313 daAuts
     D:6: 1245 daAuts
     D:3: 1163 daAuts
     D:7: 1131 daAuts
     D:4: 1032 daAuts
     D:2: 989 daAuts
     D:8: 845 daAuts
  Temple: 65 daAuts
     D:9: 18 daAuts
